 Dungeon Crawl Stone Soup version 0.29.0-11-gd7f09526c8 (webtiles) character file.

Game seed: 9384492989949636518

34 Iusername the Covered (level 3, -1/23 HPs)
             Began as a Gargoyle Fighter on Sept 2, 2022.
             Killed by nerve-wracking pain
             ... invoked by a shadow imp
             ... summoned by Natasha
              (3 damage)
             ... on level 2 of the Dungeon.
             The game lasted 00:02:57 (2162 turns).

Iusername the Covered (Gargoyle Fighter)            Turns: 2162, Time: 00:02:57

Health: -1/23      AC: 12    Str: 19    XL:     3   Next: 31%
Magic:  3/3        EV: 13    Int:  8    God:
Gold:   63         SH:  4    Dex: 11    Spells: 2/2 levels left

rFire   . . .      SeeInvis .   a - +0 long sword
rCold   . . .      Faith    .   c - +0 buckler
rNeg    + . .      Spirit   .   b - +0 scale mail
rPois   ∞          Reflect  .   (no helmet)
rElec   +          Harm     .   (no cloak)
rCorr   .          Rampage  .   g - +1 pair of gloves
Will    .....                   (no boots)
Stlth   ..........              (no amulet)
HPRegen 0.07/turn               e - +4 ring of evasion
MPRegen 0.08/turn               (no ring)

@: mighty, slowed, very slow
A: sickness immunity, AC +3, negative energy resistance 1, electricity
resistance, torment resistance 1, petrification resistance
a: no special abilities


You were on level 2 of the Dungeon.
You visited 1 branch of the dungeon, and saw 2 of its levels.

You collected 63 gold pieces.

Inventory:

Hand Weapons
 a - a +0 long sword (weapon)
Missiles
 k - 4 javelins (quivered)
Armour
 b - a +0 scale mail (worn)
 c - a +0 buckler (worn)
 g - a +1 pair of gloves (worn)
Jewellery
 e - a +4 ring of evasion (left hand)
 j - a ring of wizardry
Scrolls
 f - 2 scrolls of identify {unknown}
 i - a scroll of enchant weapon {unknown}
Potions
 h - a potion of degeneration {unknown}


   Skills:
 + Level 3.6 Fighting
 + Level 2.2 Long Blades
 + Level 3.7 Armour
 + Level 0.3 Dodging
 + Level 3.6 Shields


You had 2 spell levels left.
You didn't know any spells.
Your spell library was empty.

Dungeon Overview and Level Annotations

Branches:
Dungeon (2/15)

Altars:

Annotations:
D:2 Natasha


Innate Abilities, Weirdness & Mutations

You are immune to sickness and miasma.
Your stone body is resilient. (AC +3)
You are immune to poison.
You resist negative energy. (rN+)
You are resistant to electric shocks. (rElec)
You are resistant to unholy torment.
You are immune to petrification.


Message History

The kobold hits you but does no damage.
You slash the kobold!
You kill the kobold!
The iron imp disappears in a puff of smoke!
Natasha barely misses you. The shadow imp misses you.
The jackal bites you but does no damage.
The jackal closely misses you.
Natasha stares at you and mumbles some strange words.
The magic dart hits you but does no damage.
The shadow imp misses you.
The jackal bites you but does no damage.
The jackal misses you.
You slice the jackal!!
You kill the jackal!
You block the jackal's attack. Natasha barely misses you.
The shadow imp misses you. The jackal closely misses you.
Natasha stares at you and mumbles some strange words.
You feel as though you will be slow longer.
The shadow imp hits you but does no damage.
The orc hits you but does no damage.
You barely miss the orc. The jackal closely misses you.
You block the jackal's attack. Natasha casts a spell at you.
You feel as though you will be slow longer.
The shadow imp hits you but does no damage.
The orc hits you but does no damage.
The jackal bites you but does no damage.
Natasha casts a spell.
You block the shadow imp's attack. The orc closely misses you.
You slash the orc!
The orc is almost dead.
The jackal bites you.
* * * LOW HITPOINT WARNING * * *
Natasha closely misses you. The jackal misses you.
The shadow imp closely misses you. The orc closely misses you.
You block the iron imp's attack. Natasha closely misses you.
The jackal bites you but does no damage.
The shadow imp gestures at you. Pain shoots through your body!
You die...

####### #.....#
#55.).## #.
#@hh...## .##.#
#oh.....#
......#.....#..
#$.<.####
#....### #.....
#.###. .. ## .


You could see an iron imp (summoned), Natasha, a shadow imp (summoned), an orc
and 2 jackals.

Vanquished Creatures
  A bat (D:1)
  3 endoplasms (D:1)
  2 giant cockroaches (D:1)
  4 goblins (D:1)
  3 hobgoblins (D:1)
  6 jackals
  A quokka (D:1)
  3 frilled lizards (D:1)
  4 kobolds
  3 rats (D:1)
30 creatures vanquished.

Notes
Turn   | Place    | Note
-------+----------+-------------------------------------------
     0 | D:1      | Iusername the Gargoyle Fighter began the quest for the Orb.
     0 | D:1      | Reached XP level 1. HP: 14/14 MP: 1/1
   213 | D:1      | Reached XP level 2. HP: 7/19 MP: 2/2
   935 | D:1      | Found a faded altar of an unknown god.
  1645 | D:1      | Reached XP level 3. HP: 23/23 MP: 3/3
  2141 | D:2      | Noticed Natasha
  2162 | D:2      | Killed from afar by a shadow imp

Illustrated notes

Levels and vault maps discovered:
D:1:      zelgadis_glass_arrival_small, layout_loops_ring,
          ebering_ecumenical_altar_box, grunt_decor_one_mirror,
          minmay_misc_feat_room, minmay_bisected
D:2:      layout_rooms, minmay_misc_feat_square, minmay_split_cup_small,
          uniq_natasha

Skill      XL: |  1  2 |
---------------+-------+-----
Long Blades    | 2 |  2.2
Fighting       | |  3.6
Armour         | |  3.7
Dodging        | |  0.3
Shields        | |  3.6

Action                   || total
-------------------------++-------
Melee: Long sword        ||   146
  Use: Potion            ||     1
Armor: Scale mail        ||   109
Dodge: Dodged            ||   179
Block: Buckler           ||    57
